 Dungeon Crawl Stone Soup version 0.17.1-1-g73c8601 (webtiles) character file.

12619 FrozenPanda the Fighter (level 11, -2/79 HPs)
             Began as a Gargoyle Fighter on Jan 1, 2016.
             Was an Elder of the Shining One.
             Slain by a hill giant
             ... wielding a +0 giant club
              (22 damage)
             ... on level 11 of the Dungeon.
             The game lasted 00:31:04 (10516 turns).

FrozenPanda the Fighter (Gargoyle Fighter)         Turns: 10516, Time: 00:31:04

Health: -2/79      AC: 22    Str: 21    XL:     11   Next: 96%
Magic:  16/16      EV:  9    Int: 10    God:    the Shining One [****..]
Gold:   421        SH:  0    Dex: 10    Spells: 0 memorised, 10 levels left

rFire  + . .     SeeInvis .     s - +0 battleaxe (freeze)
rCold  + . .     Clarity  .     H - +1 plate armour {rF+}
rNeg   + + +     SustAt   .     (shield currently unavailable)
rPois  ∞         Gourm    .     (helmet restricted)
rElec  +         Spirit   .     q - +2 cloak
rCorr  .         Warding  .     w - +0 pair of gloves
rMut   .         Stasis   .     (no boots)
MR     .....                    B - amulet of faith
Stlth  ..........               h - ring of stealth
                                o - ring of flight

@: about to teleport, glowing, not resistant to hostile enchantments, extremely
unstealthy
A: antennae 1, cold resistance 1, deformed body, negative energy resistance 1,
sense surroundings 1, regeneration 1, robust 1, electricity resistance, spit
poison 1, unbreathing, evolution 1, petrification resistance, rot immunity, AC
+7
a: Spit Poison, Divine Shield, Cleansing Flame, Renounce Religion, Evoke Flight


You were on level 11 of the Dungeon.
You worshipped the Shining One.
The Shining One was greatly pleased with you.
You were not hungry.

You visited 2 branches of the dungeon, and saw 12 of its levels.

You collected 709 gold pieces.
You spent 288 gold pieces at shops.

Inventory:

Hand Weapons
 s - a +0 battleaxe of freezing (weapon)
 y - the +5 dagger "Cucwiwn" {pierce, MP+9 Dex+5}
   (You bought it in a shop on level 8 of the Dungeon)

   It inflicts extra damage upon your enemies.
   It affects your dexterity (+5).
   It affects your magic capacity (+9).
Armour
 c - a +1 shield
 q - a +2 cloak (worn)
 w - a +0 pair of gloves (worn)
 H - a +1 plate armour of fire resistance (worn)
Jewellery
 h - a ring of stealth (right hand)
 o - a ring of flight (left hand)
 v - an uncursed amulet of regeneration
 B - an amulet of faith (around neck)
Wands
 a - a wand of slowing (17)
 d - a wand of magic darts (26)
 r - a wand of lightning (7)
 u - a wand of flame (19)
 D - a wand of disintegration (17)
Scrolls
 b - 4 scrolls of teleportation
 j - 3 scrolls of fog
 k - 5 scrolls of amnesia
 p - a scroll of torment {unknown}
 x - a scroll of enchant armour
 F - 2 scrolls of recharging
 G - a scroll of magic mapping
 J - a scroll of remove curse
Potions
 g - 3 potions of brilliance
 l - 2 potions of agility
 t - 2 potions of curing
 z - a potion of flight
 A - a potion of magic
 I - a potion of ambrosia
Books
 C - the Catalogue of Burning Attacks
   (You found it on level 10 of the Dungeon)

   Spells                             Type                      Level
   a - Throw Flame                    Conjuration/Fire             2
   b - Throw Icicle                   Conjuration/Ice              4
   c - Delayed Fireball               Conjuration/Fire             7
   d - Orb of Destruction             Conjuration                  7
 K - a book of Alchemy

   Spells                             Type                      Level
   a - Sublimation of Blood           Necromancy                   2
   b - Ignite Poison                  Fire/Transmutation/Poison    3
   c - Alistair's Intoxication        Transmutation/Poison         4
   d - Condensation Shield            Ice                          4
   e - Petrify                        Transmutation/Earth          4
   f - Irradiate                      Conjuration/Transmutation    5
Comestibles
 e - 9 bread rations
 f - 28 chunks of flesh
 i - a royal jelly
 m - 3 fruits
 n - 3 beef jerkies
 E - 2 meat rations


   Skills:
 + Level 9.9 Fighting
 + Level 7.9 Axes
 + Level 9.6 Armour
 + Level 7.2 Dodging
 - Level 5.5 Shields
 + Level 7.9 Invocations


You had 10 spell levels left.
You didn't know any spells.

Dungeon Overview and Level Annotations

Branches:
Dungeon (11/15)            Temple (1/1) D:4            Lair (0/8) D:11
    Orc: D:9-12

Altars:
Ashenzari
Cheibriados
Dithmenos
Elyvilon
Fedhas
Gozag
Kikubaaqudgha
Makhleb
Nemelex Xobeh
Okawaru
Qazlal
Ru
Sif Muna
Trog
Vehumet
Xom
Yredelemnul
Zin
The Shining One

Shops:
D:6 !   D:8 (   D:10 (


Innate Abilities, Weirdness & Mutations

You are resistant to torment.
Your stone body is resilient (AC +7).
You are immune to poison.
You resist negative energy.
You are resistant to electric shocks.
You can survive without breathing.
You are immune to petrification.
You are immune to rotting.
You have a pair of small antennae on your head.
Your flesh is cold resistant.
Armour fits poorly on your strangely shaped body.
You passively map a small area around you.
Your natural rate of healing is unusually fast.
You are robust (+10% HP).
You can spit weak poison.
You evolve.


Message History

You hit the hill giant. You freeze the hill giant.
The hill giant is lightly wounded.
The hill giant hits you with a giant club!!
The giant gecko bites you. The wight hits you but does no damage.
You slice the wight!!
You destroy the wight!
The Shining One accepts your kill.
You barely miss the giant gecko. You hit the hill giant.
You freeze the hill giant.
The hill giant is moderately wounded.
The giant gecko barely misses you.
The hill giant hits you with a giant club!
* * * LOW HITPOINT WARNING * * *
The giant gecko bites you but does no damage.
You are too injured to fight recklessly!
Read which item? (? for menu, Esc to quit)
As you read the scroll of teleportation, it crumbles to dust.
You feel strangely unstable.
The hill giant hits you with a giant club!!
You die...

.♣........##.Y#.#.#####.#
..........###.#.#.#.#
...........##...#.#.# ,
.......#.#.###<.#.).# ,
##..........##....#.###.#
#.....#.#...#.#.<......#
#.........#.#...##.#####
######+.)##.##z.##.# ##
#.###.†..C@...# .######.#
#..##l....########
.##.....#
#................#
.##.#####
#..###...######### .##.#
#(.# ##..# .##.#####
#..####.># ........#
#........# .##.#####
#..#####.# ###.# #..# ###


You could see a hill giant, a wight and a giant gecko.

Vanquished Creatures
  3 hill giants
  An ugly thing (D:11)
  A centaur zombie (D:10)
  Maurice (D:11)
  The ghost of traurg the Sneak, a novice DsAs (D:5)
  2 trolls (D:10)
  A two-headed ogre (D:9)
  A spriggan (D:7)
  11 yaks
  A deep elf mage (D:9)
  A mottled dragon (D:9)
  2 basilisks (D:11)
  A hungry ghost (D:10)
  4 hippogriffs
  4 porcupines (D:11)
  2 ice beasts
  3 sky beasts
  5 orc warriors
  3 ogres
  A phantom (D:4)
  A necrophage (D:11)
  5 centaurs
  2 big kobolds
  3 giant frogs
  7 crocodiles
  A water moccasin zombie (D:6)
  A wyvern skeleton (D:9)
  A water moccasin skeleton (D:10)
  3 scorpions
  5 wights
  8 killer bees (D:9)
  4 crimson imps
  A giant frog zombie (D:6)
  6 orc priests
  2 jellies
  6 hounds
  5 iguanas
  Crazy Yiuf (D:7)
  12 orc wizards
  A giant frog skeleton (D:6)
  2 centaur skeletons
  10 worker ants
  9 sheep
  A hound skeleton (D:6)
  A hound zombie (D:5)
  2 worker ant zombies
  A gnoll (D:1)
  3 river rats (D:11)
  15 adders
  3 shadow imps
  An ooze (D:1)
  2 adder skeletons
  5 worms
  29 orcs
  6 bats
  6 hobgoblins
  12 jackals
  8 quokkas
  2 ball pythons
  6 giant cockroaches
  6 giant geckos
  7 giant newts
  18 goblins
  A jackal skeleton (D:6)
  19 kobolds
  6 rats
  A plant (D:11)
306 creatures vanquished.

Vanquished Creatures (others)
  A deep elf mage (D:9)
1 creature vanquished.

Grand Total: 307 creatures vanquished

Notes
Turn   | Place    | Note
--------------------------------------------------------------
     0 | D:1      | FrozenPanda the Gargoyle Fighter began the quest for the Orb.
     0 | D:1      | Reached XP level 1. HP: 14/14 MP: 1/1
    52 | D:1      | Reached XP level 2. HP: 13/19 MP: 2/2
   610 | D:1      | Reached skill level 1 in Dodging
   610 | D:1      | Reached XP level 3. HP: 18/24 MP: 3/3
   746 | D:1      | Found a sparkling altar of Nemelex Xobeh.
  1002 | D:2      | Reached XP level 4. HP: 26/29 MP: 4/4
  1014 | D:2      | Reached skill level 4 in Fighting
  1038 | D:2      | Found a shattered altar of Ashenzari.
  1975 | D:3      | Reached XP level 5. HP: 33/33 MP: 5/5
  2649 | D:3      | Found a snail-covered altar of Cheibriados.
  3123 | D:4      | Reached XP level 6. HP: 19/39 MP: 6/6
  3318 | D:4      | Noticed a phantom
  3354 | D:4      | Killed a phantom
  3455 | D:4      | Found a radiant altar of Vehumet.
  3455 | D:4      | Found a burning altar of Makhleb.
  3514 | D:4      | Found a basalt altar of Yredelemnul.
  3629 | D:4      | Found a staircase to the Ecumenical Temple.
  3638 | Temple   | Entered the Ecumenical Temple
  3813 | Temple   | Became a worshipper of the Shining One
  3866 | D:5      | Entered Level 5 of the Dungeon
  3866 | D:5      | Found a stormy altar of Qazlal.
  3879 | D:5      | Noticed an air elemental
  3879 | D:5      | Noticed a fire elemental
  3879 | D:5      | Noticed a water elemental
  4027 | D:5      | Reached XP level 7. HP: 20/44 MP: 7/7
  4055 | D:5      | Noticed traurg's ghost (novice DsAs)
  4272 | D:5      | Reached skill level 5 in Fighting
  4276 | D:5      | Reached skill level 5 in Shields
  4309 | D:5      | Found an ancient bone altar of Kikubaaqudgha.
  4334 | D:5      | Reached skill level 5 in Armour
  4432 | D:5      | Got a bloodstained whip
  4433 | D:5      | Identified the +5 whip "Rirorphos" {slash, *Drain +Blink rN+++ MR+} (You found it on level 5 of the Dungeon)
  4524 | D:5      | Killed traurg's ghost
  4524 | D:5      | Reached XP level 8. HP: 23/50 MP: 8/8
  4736 | D:5      | Reached * piety under the Shining One
  4989 | D:6      | Reached skill level 1 in Invocations
  5201 | D:6      | Found an opulent altar of Gozag.
  5255 | D:6      | Reached skill level 6 in Fighting
  5373 | D:6      | Found Mucvin's Distillery.
  5381 | D:6      | Bought a potion of curing for 39 gold pieces
  5381 | D:6      | Bought a potion of mutation for 32 gold pieces
  5381 | D:6      | Gained mutation: You can spit weak poison. [potion of mutation]
  5381 | D:6      | Gained mutation: You passively map a small area around you. [potion of mutation]
  5381 | D:6      | Gained mutation: You have sharp toenails. [potion of mutation]
  6015 | D:7      | Reached XP level 9. HP: 47/56 MP: 9/11
  6056 | D:7      | Found a blossoming altar of Fedhas.
  6135 | D:7      | Noticed Crazy Yiuf
  6140 | D:7      | Killed Crazy Yiuf
  6546 | D:8      | Reached skill level 7 in Fighting
  6546 | D:8      | Reached skill level 5 in Axes
  6553 | D:8      | Found Ysoruti's Antique Weapon Boutique.
  6561 | D:8      | Bought an ebony dagger for 217 gold pieces
  6561 | D:8      | Identified the +5 dagger "Cucwiwn" {pierce, MP+9 Dex+5} (You bought it in a shop on level 8 of the Dungeon)
  6607 | D:8      | Gained mutation: You can spit poison. [mutagenic meat]
  6608 | D:8      | Gained mutation: Your flesh is cold resistant. [mutagenic meat]
  6609 | D:8      | Lost mutation: You can spit poison. [mutagenic meat]
  6773 | D:8      | Found a sacrificial altar of Ru.
  6870 | D:8      | Found an iron altar of Okawaru.
  7259 | D:9      | Reached ** piety under the Shining One
  7263 | D:9      | Reached skill level 5 in Dodging
  7583 | D:9      | Reached skill level 5 in Invocations
  7583 | D:9      | Reached XP level 10. HP: 60/64 MP: 13/13
  7874 | D:9      | Reached skill level 8 in Fighting
  7957 | D:9      | Gained mutation: You evolve. [mutagenic meat]
  7959 | D:9      | Gained mutation: Armour fits poorly on your strangely shaped body. [mutagenic meat]
  7960 | D:9      | Gained mutation: Your natural rate of healing is unusually fast. [mutagenic meat]
  8265 | D:9      | Reached *** piety under the Shining One
  8618 | D:10     | Entered Level 10 of the Dungeon
  8716 | D:10     | Identified the Catalogue of Burning Attacks (You found it on level 10 of the Dungeon)
  8835 | D:10     | Gained mutation: You have a pair of small antennae on your head. [mutagenic meat]
  8836 | D:10     | Gained mutation: You are robust (+10% HP). [mutagenic meat]
  8837 | D:10     | Lost mutation: You have sharp toenails. [mutagenic meat]
  8950 | D:10     | Noticed a hill giant
  8970 | D:10     | Killed a hill giant
  8975 | D:10     | Reached XP level 11. HP: 52/75 MP: 15/15
  9074 | D:10     | Found Cicvakk's Weapon Emporium.
  9153 | D:10     | Reached skill level 9 in Fighting
  9465 | D:10     | Noticed a hill giant
  9475 | D:10     | Killed a hill giant
  9675 | D:11     | Reached **** piety under the Shining One
 10060 | D:11     | Noticed Maurice
 10072 | D:11     | Noticed a hill giant
 10309 | D:11     | Found a staircase to the Lair.
 10325 | D:11     | Killed Maurice
 10370 | D:11     | Killed a hill giant
 10510 | D:11     | Noticed a hill giant
 10516 | D:11     | Slain by a hill giant

Action                   |  1- 3 |  4- 6 |  7- 9 | 10-12 || total
-------------------------+-------+-------+-------+-------++-------
Melee: War axe           |    86 |   284 |    58 |       ||   428
       Battleaxe         |       |       |   211 |   300 ||   511
  Use: Scroll            |       |     9 |     7 |     4 ||    20
       Potion            |       |     1 |    13 |     2 ||    16
 Stab: Paralysed         |       |       |     1 |       ||     1
  Eat: Chunk             |       |    10 |    13 |    24 ||    47
       Bread ration      |       |       |     1 |       ||     1
       Royal jelly       |       |       |       |     1 ||     1
